 Dungeon Crawl Stone Soup version 0.29.1-15-g9cfb28693d (webtiles) character file.

Game seed: 3061180958536640221

26 Jase the Shield-Bearer (level 3, -7/29 HPs)
             Began as a Formicid Fighter on Apr 20, 2023.
             Mangled by a gnoll
             ... wielding a +0 halberd
              (12 damage)
             ... on level 2 of the Dungeon.
             The game lasted 00:00:59 (700 turns).

Jase the Shield-Bearer (Formicid Fighter)            Turns: 700, Time: 00:01:00

Health: -7/29      AC:  6    Str: 22    XL:     3   Next: 22%
Magic:  3/3        EV:  9    Int:  7    God:
Gold:   8          SH:  5    Dex: 13    Spells: 2/2 levels left

rFire   . . .      SeeInvis +   a - +0 flail
rCold   . . .      Faith    .   c - +0 buckler
rNeg    . . .      Spirit   .   b - +0 scale mail
rPois   .          Reflect  .   (helmet unavailable)
rElec   .          Harm     .   (no cloak)
rCorr   .          Rampage  .   (no gloves)
Will    .....                   (no boots)
Stlth   ..........              (no amulet)
HPRegen 0.09/turn               (no ring)
MPRegen 0.08/turn               (no ring)

@: no status effects
A: permanent stasis, dig shafts and tunnels, antennae 3, four strong arms
a: Dig, Shaft Self


You were on level 2 of the Dungeon.
You visited 1 branch of the dungeon, and saw 2 of its levels.

You collected 8 gold pieces.

Inventory:

Hand Weapons
 a - a +0 flail (weapon)
Missiles
 g - 4 stones
 l - a throwing net
Armour
 b - a +0 scale mail (worn)
 c - a +0 buckler (worn)
Wands
 k - a wand of light (6)
Scrolls
 f - a scroll of noise {unknown}
 h - a scroll of identify {unknown}
 i - a scroll of magic mapping {unknown}
Potions
 d - a potion of might
 e - a potion of attraction {unknown}
 j - 2 potions of invisibility {unknown}


   Skills:
 + Level 3.6 Fighting
 + Level 2.4 Maces & Flails
 + Level 3.6 Armour
 + Level 4.4 Shields


You had 2 spell levels left.
You didn't know any spells.
Your spell library contained the following spells:

 Spells                   Type           Power      Damage    Failure   Level
 Beastly Appendage        Tmut           0%         N/A       83%         1
 Summon Small Mammal      Summ           0%         N/A       83%         1
 Passwall                 Tmut/Erth      0%         N/A       92%         2
 Wereblood                Tmut           0%         N/A       92%         2
 Call Canine Familiar     Summ           0%         N/A       99%         3
 Spider Form              Tmut/Pois      0%         N/A       99%         3
 Summon Guardian Golem    Hex/Summ       0%         N/A       99%         3
 Irradiate                Conj/Tmut      0%         3d11      100%        5


Dungeon Overview and Level Annotations

Branches:
Dungeon (1/15)

Altars:


Innate Abilities, Weirdness & Mutations

You cannot be hasted, slowed, berserked, paralysed or teleported.
You can dig through walls and to a lower floor.
You have a pair of large antennae on your head. (SInv)
Your four strong arms can wield two-handed weapons with a shield.


Message History

Things that are here:
a +0 dagger; a jackal corpse You see here a bat corpse.
j - 2 sedimented silvery potions You start resting.
HP restored.
You see here a bat corpse.
k - a wand of light (6)
You see here a staff of cold.
Found a throwing net.
You see here a +0 buckler.
l - a throwing net You see here a +0 mace.
You open the large door.
There is a large open door here.
There is a large open door here.
Things that are here:
a +0 dagger; a jackal skeleton You see here a staff of cold.
You open the large door. 2 gnolls come into view.
The gnoll shouts!
You see here a staff of cold.
A gnoll comes into view. It is wielding a +0 club.
You closely miss the gnoll.
The gnoll shouts!
The gnoll barely misses you.
You barely miss the gnoll.
The gnoll hits you from afar with a +0 halberd.
The gnoll hits you with a +0 flail. x2
The gnoll hits you from afar with a +0 halberd!
* * * LOW HITPOINT WARNING * * *
You are too injured to fight recklessly!
You hit the gnoll.
The gnoll is lightly wounded.
The gnoll barely misses you. The gnoll closely misses you.
You hit the gnoll.
The gnoll is severely wounded.
The gnoll hits you from afar with a +0 halberd!
You die...

##≈≈§§§..§≈≈≈≈##
##§≈§≈§≈§.§§≈≈§≈## #
##≈≈§§§≈§..§≈≈≈≈≈§## ..#
#§≈§≈≈§≈≈..§≈≈≈≈≈§§# #...
#≈≈§§§§≈≈..≈≈≈≈≈≈§≈######
#..##§≈§§§≈§#..#≈§≈≈§§≈##...#
#..§..§§..g.##.§.[§§.)'..#.#
#.'......gg##....§...'..#.#
###≈§≈≈≈§≈#@.#≈≈§≈§≈§##.#.#
#≈≈≈§≈≈≈≈..§≈≈≈§§≈§#..#.#
#≈§≈§≈≈≈≈).≈≈≈≈§§≈≈#.##.#
##≈≈§≈≈§§.÷§≈≈≈≈§≈##.##.#
##§≈≈§§§..≈§§≈§≈###.##.#
##≈≈≈≈≈.§≈≈≈≈≈## #.##.#
############§≈≈≈..≈≈≈≈## #.#
...........##≈≈≈..≈≈≈## #.#
...........#####''#########.#


You could see 3 gnolls.

Vanquished Creatures
  A dart slug (D:2)
  2 endoplasms (D:1)
  5 goblins
  A hobgoblin (D:2)
  6 jackals
  2 bats
  A kobold (D:2)
  2 rats (D:2)
20 creatures vanquished.

Notes
Turn   | Place    | Note
-------+----------+-------------------------------------------
     0 | D:1      | Jase the Formicid Fighter began the quest for the Orb.
     0 | D:1      | Reached XP level 1. HP: 18/18 MP: 1/1
    28 | D:1      | Reached XP level 2. HP: 14/24 MP: 2/2
   196 | D:1      | Got Sokaid's Vellum of Forms
   223 | D:1      | You fall into a shaft and drop 1 floor!
   420 | D:2      | Reached XP level 3. HP: 11/29 MP: 3/3
   700 | D:2      | Mangled by a gnoll

Illustrated notes

Levels and vault maps discovered:
D:1:      matt_arrival_grand_opening, layout_basic,
          shapermc_ecumenical_altar_notcrosses
D:2:      kennysheep_big_flooded_room, layout_basic, uniq_terence

Action                   || total
-------------------------++-------
Melee: Flail             ||    58
Armor: Scale mail        ||    58
Dodge: Dodged            ||    58
Block: Buckler           ||    21
